AoeStats
← COFFY

Arena

508344581Analyzed
4v4 RM · 11d ago on Sep 22, 2026· 52m 15s· 8 players
Game mode
Random Map
Map size
Large (8 player)
Population
200
Speed
Normal
Resources
Standard
Victory
Conquest
Starting age
Dark Age
Ending age
Imperial Age
RankedLock teamsTeams togetherTeam positionsShared explorationLock speedFull tech treeHidden civsTurbo modeCheats
Victory
Defeat
🇸🇮 Vietnamese · Slovenia
1163
+15
🇹🇼 Poles · Taiwan
1144
+15
🇲🇽 Gurjaras · Mexico
1100
+17
🇦🇺 Britons · Australia
1059
+20
🇨🇱 Turks · Chile
1157
-18
🇦🇷 Khmer · Argentina
1153
-18
🇺🇸 Persians · United States
1116
-16
🇨🇱 Maya · Chile
1088
-15
Tiger333
11:50 Feudal Age
12:59 Double-Bit Axe
13:07 Loom
13:15 Horse Collar
15:42 Castle Age
16:05 Wheelbarrow
17:10 Bow Saw
17:04 Heavy Plow
17:47 Bow Saw
18:27 Gold Mining
18:51 Heavy Plow
24:22 Stone Mining
25:06 Pikeman
27:43 Hand Cart
30:12 Town Watch
31:03 Forging
30:59 Scale Barding Armor
30:45 Fletching
30:56 Padded Archer Armor
34:56 Imperial Age
34:27 Iron Casting
34:53 Gold Shaft Mining
34:54 Stone Shaft Mining
34:42 Husbandry
34:56 Bloodlines
35:14 Masonry
35:40 Kamandaran
39:46 Two-Man Saw
39:20 Crop Rotation
40:28 Light Cavalry
41:59 Bodkin Arrow
42:19 Leather Archer Armor
42:26 Chain Barding Armor
nas! ANDi
11:29 Feudal Age
15:34 Castle Age
17:43 Loom
20:59 Imperial Age
19:13 Double-Bit Axe
20:16 Bow Saw
20:05 Gold Mining
23:26 Horse Collar
34:30 Wheelbarrow
34:26 Padded Archer Armor
36:46 Fervor
38:29 Leather Archer Armor
39:30 Hand Cart
39:44 Sanctity
41:39 Scale Barding Armor
42:40 Husbandry
42:51 Bloodlines
44:13 Chain Barding Armor
44:04 Forging
47:21 Plate Barding Armor
COFFY
0:35 Loom
11:51 Feudal Age
16:14 Castle Age
14:27 Gold Mining
14:25 Double-Bit Axe
14:37 Horse Collar
15:49 Forging
16:21 Scale Mail Armor
18:49 Heavy Plow
18:38 Eagle Warrior
19:29 Squires
24:47 Iron Casting
27:29 Bow Saw
30:16 Arson
35:11 Wheelbarrow
34:22 Town Watch
35:29 Murder Holes
38:08 Stone Mining
45:45 Ballistics
damiansima
11:47 Feudal Age
14:32 Castle Age
12:22 Double-Bit Axe
12:31 Horse Collar
15:45 Bow Saw
15:37 Heavy Plow
21:54 Gold Mining
22:42 Wheelbarrow
21:54 Loom
25:23 Scale Barding Armor
25:28 Forging
25:42 Bloodlines
25:33 Husbandry
27:02 Gold Shaft Mining
26:18 Stone Mining
27:03 Light Cavalry
28:12 Town Watch
31:17 Imperial Age
29:45 Iron Casting
29:30 Chain Barding Armor
30:27 Ballistics
31:41 Stone Shaft Mining
33:06 Chemistry
32:49 Plate Barding Armor
33:15 Blast Furnace
31:36 Hussar
33:15 Conscription
34:43 Masonry
35:01 Siege Engineers
34:22 Heavy Scorpion
36:14 Siege Engineers
36:01 Fletching
36:12 Padded Archer Armor
39:23 Bodkin Arrow
39:32 Double Crossbow
40:08 Hoardings
39:49 Capped Ram
41:30 Siege Ram
51:09 Scale Mail Armor
50:31 Pikeman
50:57 Arson
51:54 Halberdier
Tlacaelel.MX
8:25 Loom
11:05 Feudal Age
14:59 Castle Age
13:37 Double-Bit Axe
13:36 Horse Collar
14:29 Stone Mining
17:41 Wheelbarrow
20:30 Bow Saw
23:48 Heavy Plow
24:36 Fletching
25:35 Hand Cart
25:41 Bodkin Arrow
28:51 Gold Mining
29:31 Scale Barding Armor
29:37 Forging
29:47 Bloodlines
30:52 Chain Barding Armor
34:18 Fortified Wall
35:02 Iron Casting
34:54 Husbandry
39:12 Imperial Age
39:55 Kshatriyas
40:29 Gold Shaft Mining
40:29 Stone Shaft Mining
43:15 Elite Shrivamsha Rider
44:48 Plate Barding Armor
43:47 Heavy Camel Rider
46:13 Crop Rotation
46:26 Light Cavalry
47:57 Bracer
47:58 Padded Archer Armor
47:50 Town Watch
49:19 Frontier Guards
49:40 Ballistics
50:21 Chemistry
50:52 Conscription
49:59 Hussar
52:03 Masonry
51:34 Treadmill Crane
52:27 Caravan
AZ
2:56 Loom
10:39 Feudal Age
11:11 Double-Bit Axe
11:09 Horse Collar
18:55 Castle Age
17:54 Bloodlines
18:14 Forging
18:22 Gold Mining
18:58 Light Cavalry
19:59 Bow Saw
20:45 Husbandry
26:10 Stone Mining
28:29 Heavy Plow
29:25 Town Watch
30:15 Wheelbarrow
33:03 Imperial Age
31:43 Szlachta Privileges
32:11 Scale Barding Armor
33:18 Iron Casting
33:37 Cavalier
35:41 Conscription
36:26 Crop Rotation
38:20 Blast Furnace
39:01 Winged Hussar
41:35 Chain Barding Armor
43:10 Lechitic Legacy
45:36 Hand Cart
49:06 Capped Ram
m00n
0:29 Loom
10:23 Feudal Age
14:10 Castle Age
12:27 Double-Bit Axe
15:20 Wheelbarrow
14:43 Horse Collar
23:37 Heavy Plow
25:39 Bow Saw
26:00 Ballistics
25:17 Elite Skirmisher
26:00 Fletching
26:12 Padded Archer Armor
26:53 Thumb Ring
28:15 Loom
31:32 Bloodlines
31:22 Husbandry
36:54 Stone Mining
36:55 Gold Mining
38:41 Hand Cart
39:28 Stone Shaft Mining
38:55 Bodkin Arrow
44:03 Imperial Age
43:11 Scale Barding Armor
43:17 Forging
44:19 Chatras
45:08 Devotion
45:34 Paper Money
45:54 Guilds
46:50 Two-Man Saw
46:25 Crop Rotation
46:15 Imperial Skirmisher
47:47 Bracer
48:03 Leather Archer Armor
48:09 Chain Barding Armor
49:31 Chemistry
50:59 Plate Barding Armor
50:59 Iron Casting
50:57 Ring Archer Armor
50:27 Scale Mail Armor
50:37 Siege Engineers
49:57 Elite Battle Elephant
52:13 Bombard Tower
51:49 Murder Holes
51:34 Treadmill Crane
Bread
10:41 Feudal Age
15:14 Castle Age
13:57 Double-Bit Axe
15:22 Wheelbarrow
14:28 Horse Collar
21:49 Fletching
24:40 Bow Saw
23:54 Pikeman
25:32 Bodkin Arrow
25:42 Heavy Plow
26:32 Padded Archer Armor
27:51 Squires
28:40 Hand Cart
29:19 Ballistics
28:53 Arson
29:59 Forging
32:26 Imperial Age
30:27 Gold Mining
30:30 Stone Mining
31:20 Yeomen
32:25 Town Watch
33:12 Leather Archer Armor
32:57 Scale Mail Armor
33:33 Iron Casting
33:10 Masonry
32:38 Halberdier
34:23 Bracer
34:44 Siege Engineers
35:41 Chemistry
35:48 Warwolf
35:28 Elite Longbowman
38:20 Blast Furnace
38:28 Conscription
39:45 Conscription
41:29 Coinage
42:03 Ring Archer Armor
41:49 Chain Mail Armor
42:08 Architecture
43:43 Town Patrol
44:19 Plate Mail Armor
47:39 Husbandry
47:01 Light Cavalry
48:51 Loom
49:42 Onager
Connection lost

Rejoining the realm…

Still unreachable

The connection could not be restored.

Session expired

The server has moved on; the page needs a fresh start.